 Dungeon Crawl Stone Soup version 0.31-a0-174-g85c54bcb58 (webtiles) character file.

Game seed: 3732745450660655974

130 qw the Chopper (level 5, -3/32 HPs)
             Began as a Gargoyle Fighter on June 15, 2023.
             Killed from afar by Sigmund (7 damage)
             ... with a puff of flame
             ... on level 3 of the Dungeon.
             The game lasted 00:01:17 (2546 turns).

qw the Chopper (Gargoyle Fighter)                   Turns: 2546, Time: 00:01:17

Health: -3/32      AC: 10    Str: 22    XL:     5   Next: 13%
Magic:  5/5        EV:  9    Int:  8    God:
Gold:   131        SH:  4    Dex:  9    Spells: 4/4 levels left

rFire   . . .        Y - +0 war axe
rCold   . . .        c - +0 buckler
rNeg    + . .        b - +0 scale mail
rPois   inf          (no helmet)
rElec   +            (no cloak)
rCorr   .            (no gloves)
SInv    .            (no boots)
Will    .....        g - amulet of regeneration Stlth
                     (no ring)
HPRegen 1.05/turn    (no ring)
MPRegen 0.09/turn

%: no passive effects
@: no status effects
A: sickness immunity, AC +4, negative energy resistance 1, electricity
resistance, torment resistance 1, petrification resistance
a: no special abilities


You were on level 3 of the Dungeon.
You visited 1 branch of the dungeon, and saw 3 of its levels.

You collected 131 gold pieces.


Innate Abilities, Weirdness & Mutations

You are immune to sickness and miasma.
Your stone body is resilient. (AC +4)
You are immune to poison.
You resist negative energy. (rN+)
You are resistant to electric shocks. (rElec)
You are resistant to unholy torment.
You are immune to petrification.


   Skills:
 - Level 3.2 Fighting
 + Level 4.7 Axes
 - Level 3.2 Armour
 - Level 3.2 Shields


You had 4 spell levels left.
You didn't know any spells.
Your spell library was empty.

Inventory:

Hand Weapons
 j - a +0 flail
 Y - a +0 war axe (weapon)
Armour
 b - a +0 scale mail (worn)
 c - a +0 buckler (worn)
 q - a +0 chain mail
Jewellery
 g - an amulet of regeneration (around neck)
Scrolls
 a - 3 scrolls of teleportation
 h - a scroll of identify
 n - 2 scrolls of enchant armour
Potions
 d - a potion of might
 e - a potion of curing {unknown}
 f - a potion of attraction {unknown}
 i - a potion of ambrosia {unknown}
 k - a potion of heal wounds {unknown}
 l - a potion of invisibility {unknown}
 m - a potion of haste {unknown}
 o - a potion of degeneration {unknown}
 p - a potion of mutation {unknown}
 r - a potion of lignification {unknown}
 s - a potion of magic {unknown}

Dungeon Overview and Level Annotations

Branches:
Dungeon (3/15)

Altars:
Ashenzari
Vehumet

Annotations:
D:3 Grinder, Sigmund


Message History

Enter note:
Enter note:
Enter note:
Enter note: You hit something.
Something hits you but does no damage. You block the bat's attack.
You closely miss the bat.
The bat is heavily wounded.
You closely miss something. The bat hits you but does no damage.
Something hits you!
You slash the bat!
You kill the bat!
You miss something. Something hits you.
You miss something. Something hits you.
You closely miss something. Something hits you!
You closely miss something. You barely miss something. Something hits you.
You closely miss something. Something hits you but does no damage.
You miss something. Something hits you but does no damage.
You miss something. Something hits you but does no damage.
You barely miss something. Something hits you but does no damage.
You hit something. Something hits you but does no damage.
You barely miss something. You slash something!
You hear some strange, mumbled words.
A puff of flame appears from out of thin air!
The puff of flame hits you!
You hear some strange, mumbled words.
A puff of flame appears from out of thin air!
The puff of flame hits you!
You die...

......................##########.
...............###...............
...............# ####.##.......#.
...............# #.##.......#.
.######.#############.##.......#.
.# #.......#.....#.##.......## .#
#######.#.....#>##......... .#
#######..'.{...#+#######'###
.#####.....####.@....... #.....
.....'.....# #......... #.....
######.....# #......... #..... #
#.....# .......... ##'### ~~
#.....# .######.... #.###
~~~###..#####. #... ##.)..
.~~.....#.. . ### #.....
..~~....#.######## #.###.
....~...#.##.....+ #.#...


There were no monsters in sight!

Vanquished Creatures
  Jessica (D:3)
  2 adders (D:3)
  2 worms (D:3)
  4 dart slugs
  An orc (D:2)
  5 ball pythons
  9 bats
  9 endoplasms
  4 giant cockroaches
  4 goblins
  4 hobgoblins
  3 jackals
  6 kobolds
  5 quokkas
  2 frilled lizards (D:2)
  6 rats
67 creatures vanquished.

Notes
Turn   | Place    | Note
-------+----------+-------------------------------------------
     0 | D:1      | qw the Gargoyle Fighter began the quest for the Orb.
     0 | D:1      | Reached XP level 1. HP: 14/14 MP: 1/1
     0 | D:1      | 0 ||| qw: Version: 0.2-a-29-g511e9b1
     0 | D:1      | 0 ||| qw: Game counter: 5335
     0 | D:1      | 0 ||| qw: Always use a shield: true
     0 | D:1      | 0 ||| qw: God list: Okawaru
     0 | D:1      | 0 ||| qw: Allow faded altars: false
     0 | D:1      | 0 ||| qw: Do Orc after D:15 true
     0 | D:1      | 0 ||| qw: Do second Lair branch before Depths: true
     0 | D:1      | 0 ||| qw: Lair rune preference: random
     0 | D:1      | 0 ||| qw: Plans: Normal, Zot:1-4, Slime:5, God:TSO, Crypt,
                  | Tomb, Abyss, Pan, Hells, Win
     0 | D:1      | 0 ||| PLANNING D:1-11
   109 | D:1      | 109 ||| Stepping ~*~*~tactically~*~*~ (hiding).
   119 | D:1      | Reached skill level 2 in Axes
   228 | D:1      | Found a faded altar of an unknown god.
   249 | D:1      | Reached XP level 2. HP: 19/19 MP: 2/2
   480 | D:1      | Reached skill level 3 in Axes
   504 | D:1      | 504 ||| Stepping ~*~*~tactically~*~*~ (stealth).
   514 | D:1      | Reached XP level 3. HP: 21/23 MP: 3/3
   930 | D:1      | 930 ||| Stepping ~*~*~tactically~*~*~ (hiding).
  1071 | D:1      | 1071 ||| UPGRADING to amulet of regeneration.
  1076 | D:1      | 1076 ||| DROPPING ring of magical power.
  1077 | D:1      | 1077 ||| READING scroll labelled SYHA SIQOJU.
  1078 | D:1      | 1078 ||| READING scroll labelled MUDEXZ QAHUOM.
  1079 | D:1      | 1079 ||| READING scroll labelled POEMUE KOWN.
  1083 | D:1      | 1083 ||| READING scroll labelled JEDOYBL VUNOPU.
  1084 | D:1      | 1084 ||| READING scroll labelled GANEAS ASAOKY.
  1185 | D:1      | 1185 ||| READING scroll labelled XEAMEPS MIFEIX.
  1210 | D:2      | 1210 ||| Stepping ~*~*~tactically~*~*~ (hiding).
  1423 | D:2      | 1423 ||| DROPPING +0 club.
  1766 | D:2      | Reached XP level 4. HP: 28/28 MP: 4/4
  1939 | D:2      | 1939 ||| READING scroll labelled OSCHOUC NANIGGI.
  1940 | D:2      | 1940 ||| READING scroll labelled DUYMAR YWUCZU.
  2017 | D:3      | Found a broken altar of Ashenzari.
  2046 | D:3      | Reached skill level 4 in Axes
  2113 | D:3      | 2113 ||| Stepping ~*~*~tactically~*~*~ (stealth).
  2277 | D:3      | Noticed Jessica
  2282 | D:3      | Killed Jessica
  2292 | D:3      | 2292 ||| Stepping ~*~*~tactically~*~*~ (stealth).
  2295 | D:3      | 2295 ||| Stepping ~*~*~tactically~*~*~ (stealth).
  2310 | D:3      | Reached XP level 5. HP: 32/32 MP: 5/5
  2488 | D:3      | Found a faded altar of an unknown god.
  2492 | D:3      | Found a radiant altar of Vehumet.
  2492 | D:3      | Noticed Grinder
  2521 | D:3      | Noticed Sigmund
  2522 | D:3      | 2522 ||| Stepping ~*~*~tactically~*~*~ (hiding).
  2537 | D:3      | HP: 5/32 [something (9)]
  2546 | D:3      | HP: 4/32 [something/puff of flame (12)]
  2546 | D:3      | Killed from afar by Sigmund

Levels and vault maps discovered:
D:1:      lemuel_arrival_behind_the_door_small, layout_basic,
          dreamdust_ecumenical_altar_statues, minmay_statues_item,
          minmay_misc_feat_plants, corexii_leaking_fountain
D:2:      layout_basic
D:3:      cheibrodos_helix_gallery, layout_basic, old_standard_altar,
          nicolae_overflow_ecumenical_swirl, uniq_jessica, uniq_grinder,
          uniq_sigmund

Skill      XL: |  1  2  3  4 |
---------------+-------------+-----
Axes           | 2 3 4 |  4.7
Fighting       | |  3.2
Armour         | |  3.2
Shields        | |  3.2

Action                     |  1- 3 |  4- 6 || total
---------------------------+-------+-------++-------
  Melee: War axe           |    98 |    96 ||   194
    Use: Scroll            |     6 |     2 ||     8
 Armour: Scale mail        |    49 |    43 ||    92
  Dodge: Dodged            |    26 |    39 ||    65
  Block: Buckler           |    14 |    15 ||    29

Table legend:
 A = Non-vault XP
 B = Vault XP
 C = Vault XP percentage of total XP
 D = Non-vault monster count
 E = Vault monster count
 F = Vault count percentage of total count
                 A         B        C        D         E       F
            +---------+---------+-------+---------+---------+-------
      Total |     146 |      40 |  21.5 |      64 |       3 |   4.5
            +---------+---------+-------+---------+---------+-------
        D:1 |      51 |       0 |   0.0 |      26 |       0 |   0.0
        D:2 |      34 |       0 |   0.0 |      19 |       0 |   0.0
        D:3 |      61 |      40 |  39.6 |      19 |       3 |  13.6
            +---------+---------+-------+---------+---------+-------
